 Dungeon Crawl Stone Soup version 0.32-a0-20-ge526923d97 (webtiles) character file.

Game seed: 1200090407726536922

8696 Fodor the Cleaver (level 11, -19/97 HPs)
             Began as a Minotaur Fighter on Jan 17, 2024.
             Was an Initiate of Gozag.
             Demolished by Lodul
             ... wielding a +0 dire flail
              (24 damage)
             ... on level 10 of the Dungeon.
             The game lasted 00:56:24 (11118 turns).

Fodor the Cleaver (Minotaur Fighter)               Turns: 11118, Time: 00:56:24

Health: -19/97     AC: 19    Str: 24    XL:     11   Next: 13%
Magic:  10/10      EV:  7    Int:  4    God:    Gozag
Gold:   573        SH:  6    Dex: 14    Spells: 10/10 levels left

rFire   . . .        a - +0 war axe
rCold   . . .        c - +0 buckler
rNeg    + . .        l - +3 plate armour {Will+}
rPois   .            (helmet currently unavailable)
rElec   .            F - melded +0 cloak
rCorr   .            i - melded +0 pair of gloves
SInv    .            q - melded +0 pair of boots
Will    ++...        k - amulet of the acrobat Stlth
                     G - ring of positive energy
HPRegen 0.36/turn    (no ring)
MPRegen 0.12/turn

%: acrobat
@: about to teleport, beast-form, gold aura
A: beast (slay +2), horns 2, retaliatory headbutt, iridescent scales 1, agile 1,
strong-willed 1, MP-powered wands
a: Begin Untransformation, Renounce Religion, Potion Petition, Call Merchant,
Bribe Branch


You were on level 10 of the Dungeon.
You worshipped Gozag.
Gozag was pleased with you.
You were a hulking beast.
You visited 2 branches of the dungeon, and saw 12 of its levels.
You also visited: Sewer.

You collected 1987 gold pieces.
You spent 1305 gold pieces at shops.
You paid 109 gold pieces to Gozag.

Inventory:

Hand Weapons
 a - a +0 war axe (weapon)
 B - a +1 heavy orcbow
Missiles
 u - 5 throwing nets (quivered)
Armour
 c - a +0 buckler (worn)
 i - a +0 pair of gloves (melded)
 l - a +3 plate armour of willpower (worn)
 q - a +0 pair of boots (melded)
 F - a +0 cloak (melded)
 I - a +3 plate armour of cold resistance
Jewellery
 k - an amulet of the acrobat (around neck)
 s - a ring of willpower
 G - a ring of positive energy (left hand)
 J - a ring of willpower
Talismans
 j - a beast talisman (active)
Wands
 b - a wand of polymorph (13)
 t - a wand of acid (18)
 v - a wand of roots (12)
 C - a wand of paralysis (10)
Scrolls
 e - 3 scrolls of fear
 g - 7 scrolls of teleportation
 h - a scroll of immolation
 m - 6 scrolls of enchant weapon
 o - 2 scrolls of vulnerability
 p - 8 scrolls of revelation
 r - a scroll of butterflies
 x - a scroll of poison
 y - a scroll of brand weapon
 D - a scroll of blinking {unknown}
 E - 2 scrolls of noise
 K - a scroll of fog
Potions
 d - 3 potions of might
 f - 6 potions of attraction
 n - 5 potions of brilliance
 w - 2 potions of haste
 z - 2 potions of enlightenment
 A - 2 potions of ambrosia {unknown}


   Skills:
 + Level 9.0 Fighting
 + Level 14.0 Axes
 + Level 9.2 Armour
 + Level 2.0 Dodging
 + Level 2.3 Stealth
 + Level 6.7 Shields
 + Level 1.1 Unarmed Combat
 + Level 4.1 Shapeshifting


You had 10 spell levels left.
You didn't know any spells.
Your spell library contained the following spells:

 Spells                   Type           Power      Damage    Failure   Level
 Apportation              Tloc           0%         N/A       100%        1
 Magic Dart               Conj           0%         1d3       100%        1
 Necrotise                Necr           0%         1d4       100%        1
 Sting                    Conj/Alch      0%         1d3       100%        1
 Summon Small Mammal      Summ           0%         N/A       100%        1
 Blink                    Tloc           0%         N/A       100%        2
 Call Imp                 Summ           0%         N/A       100%        2
 Static Discharge         Conj/Air       0%         3-3/arc   100%        2
 Dazzling Flash           Conj/Hex       0%         N/A       100%        3
 Volatile Blastmotes      Fire/Tloc      0%         2d10      100%        3
 Airstrike                Air            0%         2d(0-16)  100%        4
 Summon Lightning Spire   Summ/Air       0%         N/A       100%        4
 Starburst                Conj/Fire      0%         6d3       100%        6
 Maxwell's Capacitive Co  Air            0%         ∞         100%        8


Dungeon Overview and Level Annotations

Branches:
Dungeon (11/15)            Temple (1/1) D:6            Lair (0/5) D:10
  Sewer (visited)
    Orc: D:9-12

Altars:
Ashenzari
Cheibriados
Dithmenos
Elyvilon
Fedhas
Gozag
Hepliaklqana
Kikubaaqudgha
Makhleb
Nemelex Xobeh
Okawaru
Ru
Sif Muna
Trog
Uskayaw
Vehumet
Wu Jian
Xom
Yredelemnul
Zin
The Shining One

Shops:
D:1 ?   D:6 [   D:9 [

Annotations:
D:7 1 runed translucent door
D:10 Lodul


Innate Abilities, Weirdness & Mutations

You are a hulking beast.
Your limbs bulge with bestial killing power. (Slay +2)
You have a pair of horns on your head.
You reflexively headbutt those who attack you in melee.
You are partially covered in iridescent scales. (AC +2)
You are agile. (Dex +4, Str/Int -1)
You are strong-willed. (Will+)
You expend magic power (3 MP) to strengthen your wands.


Message History

Your Axes skill increases to level 14!
You now have 573 gold pieces (gained 10).
You see here a +0 giant club.
Electricity crackles from Lodul's apparatus.
The bolt of lightning misses you.
You slash Lodul! You headbutt Lodul!
Lodul is moderately wounded.
You hit Lodul. Your headbutt misses Lodul.
Lodul is moderately wounded.
You block Lodul's attack.
You slash Lodul! You headbutt Lodul!
Lodul is heavily wounded.
Lodul hits you but does no damage.
You completely miss Lodul.
Lodul is heavily wounded.
You hit the ogre.
The ogre hits you with a +0 giant club!!
You hear a shout!
You barely miss Lodul.
Lodul is heavily wounded.
You hit the ogre. Lodul hits you with a +0 dire flail!
You hit Lodul. Your headbutt misses Lodul.
Lodul is heavily wounded.
You slash the ogre! The ogre barely misses you. You furiously retaliate!
You headbutt the ogre!
You kill the ogre!
You slash Lodul! Your headbutt misses Lodul.
Lodul is severely wounded.
Lodul hits you with a +0 dire flail!!
* * * LOW HITPOINT WARNING * * *
You slash Lodul!
Lodul is severely wounded.
As you read the scroll of fear, it crumbles to dust.
You assume a fearsome visage.
Lodul resists with almost no effort.
The ogre looks frightened! x2; Lodul closely misses you.
You furiously retaliate!
You headbutt Lodul!
As you read the scroll of teleportation, it crumbles to dust.
You feel strangely unstable. Lodul hits you with a +0 dire flail!!
You die...
Your body crumbles into a pile of gold.

#..... #.#. ###.....
#.#.## #.##. # ..O. .
... .......... ####.O
.......... .O.. ...
......... #.### ##.#
.... .... #.Oh# #..#
#.. #... ##$.#
#..###.## #... ##.#
#..#....###..#
###..###.....>.#.....
#.........#....#.....
##...#.##............
##....#..#####......
####....# #......
##....## ##.....


You could see Lodul and an ogre (fleeing).

Vanquished Creatures
  Harold (D:10)
  A boulder beetle (D:11)
  An ugly thing (D:10)
  A deep elf pyromancer (D:7)
  Maggie (D:8)
  Jeremiah (D:8)
  An efreet (D:9)
  A troll (D:10)
  A vampire (D:11)
  8 yaks (D:9)
  A water moccasin (D:9)
  2 ice beasts
  3 orc warriors
  A sky beast (D:7)
  2 black bears
  4 ogres
  4 centaurs
  A kobold brigand (D:7)
  A phantom (D:6)
  6 bullfrogs
  2 gnoll sergeants
  3 scorpions
  3 wights (D:6)
  12 killer bees
  An electric eel (D:6)
  4 howler monkeys (D:9)
  2 hounds
  2 jellies
  2 gnoll boudas
  3 orc priests
  Jessica (D:2)
  4 sleepcaps
  Terence (D:2)
  5 orc wizards
  An iguana (D:5)
  Robin (D:3)
  21 adders
  15 gnolls
  3 river rats (Sewer)
  A shadow imp (D:6)
  A white imp (D:5)
  2 ufetubi (D:7)
  7 dart slugs
  5 ribbon worms
  31 orcs
  15 bats
  5 endoplasms
  5 giant cockroaches
  10 goblins
  13 hobgoblins
  2 jackals
  14 quokkas
  13 ball pythons
  4 frilled lizards
  10 kobolds
  10 rats
276 creatures vanquished.

Notes
Turn   | Place    | Note
-------+----------+-------------------------------------------
     0 | D:1      | Fodor the Minotaur Fighter began the quest for the Orb.
     0 | D:1      | Reached XP level 1. HP: 19/19 MP: 0/0
   404 | D:1      | Found Ceoxadot's Magic Scroll Shoppe.
   412 | D:1      | Bought a scroll of identify for 20 gold pieces
   456 | D:1      | Reached XP level 2. HP: 27/27 MP: 1/1
   805 | D:1      | Bought a scroll of identify for 20 gold pieces
   805 | D:1      | Bought a scroll of identify for 20 gold pieces
   953 | D:2      | Reached skill level 3 in Axes
  1130 | D:2      | Reached XP level 3. HP: 33/33 MP: 2/2
  1141 | D:2      | Found a burning altar of Makhleb.
  1390 | D:2      | Found a faded altar of an unknown god.
  1483 | D:2      | Found a broken altar of Ashenzari.
  1540 | D:2      | Noticed Jessica
  1552 | D:2      | Killed Jessica
  1553 | D:2      | Reached skill level 1 in Stealth
  1553 | D:2      | Reached XP level 4. HP: 40/40 MP: 3/3
  1577 | D:2      | Noticed Terence
  1584 | D:2      | Killed Terence
  1585 | D:2      | Reached skill level 4 in Axes
  1934 | D:3      | Reached skill level 1 in Shapeshifting
  1997 | D:3      | Reached XP level 5. HP: 46/46 MP: 4/4
  2135 | D:3      | Noticed Robin
  2145 | D:3      | Killed Robin
  2360 | D:3      | Found a glowing drain.
  2382 | D:3      | Reached skill level 5 in Axes
  2394 | Sewer    | Entered a sewer
  2533 | Sewer    | Reached XP level 6. HP: 49/53 MP: 5/5
  3385 | D:4      | Reached skill level 6 in Axes
  3385 | D:4      | Reached skill level 1 in Dodging
  3714 | D:4      | Reached XP level 7. HP: 60/60 MP: 6/6
  3741 | D:4      | Found an opulent altar of Gozag.
  3741 | D:4      | Found a shimmering altar of Xom.
  3745 | D:4      | Became a worshipper of Gozag Ym Sagoz the Greedy
  3767 | D:4      | Identified the +1 robe of Greed {+Blink rElec Will+ Dex-4}
  4334 | D:4      | Reached skill level 7 in Axes
  4382 | D:5      | Entered Level 5 of the Dungeon
  4388 | D:5      | Reached skill level 5 in Armour
  4702 | D:5      | Found a bloodstained altar of Trog.
  5101 | D:5      | Reached skill level 5 in Fighting
  5226 | D:5      | Found a radiant altar of Vehumet.
  5226 | D:5      | Found a shimmering blue altar of Sif Muna.
  5688 | D:6      | Reached XP level 8. HP: 69/69 MP: 7/7
  5813 | D:6      | Found a basalt altar of Yredelemnul.
  5944 | D:6      | Reached skill level 8 in Axes
  6361 | D:6      | Found Qenamn's Armour Shoppe.
  6381 | D:6      | Bought a +1 plate armour of cold resistance for 525 gold
                  | pieces
  6471 | D:6      | Found a shadowy altar of Dithmenos.
  6554 | D:6      | Found a staircase to the Ecumenical Temple.
  6676 | Temple   | Entered the Ecumenical Temple
  6920 | D:7      | Reached skill level 5 in Shields
  7154 | D:7      | Found a glowing silver altar of Zin.
  7155 | D:7      | Noticed an angel
  7226 | D:7      | Noticed a sixfirhy
  7227 | D:7      | Found a runed translucent door.
  7236 | D:7      | Reached skill level 9 in Axes
  7424 | D:7      | Reached XP level 9. HP: 78/78 MP: 8/8
  7532 | D:7      | Noticed a deep elf pyromancer
  7537 | D:7      | Killed a deep elf pyromancer
  7818 | D:7      | Reached skill level 10 in Axes
  8221 | D:8      | Found a white marble altar of Elyvilon.
  8801 | D:8      | Noticed Jeremiah
  8847 | D:8      | Killed Jeremiah
  8848 | D:8      | Reached skill level 11 in Axes
  9036 | D:8      | Noticed Maggie
  9041 | D:8      | Gained mutation: You are partially covered in iridescent
                  | scales. (AC +2) [potion of mutation]
  9041 | D:8      | Gained mutation: You are agile. (Dex +4, Str/Int -1)
                  | [potion of mutation]
  9041 | D:8      | Gained mutation: You are strong-willed. (Will+) [potion of
                  | mutation]
  9041 | D:8      | Gained mutation: You expend magic power (3 MP) to
                  | strengthen your wands. [potion of mutation]
  9058 | D:8      | Killed Maggie
  9274 | D:9      | Found Veur's Armour Emporium.
  9289 | D:9      | Reached XP level 10. HP: 74/88 MP: 9/9
  9337 | D:9      | Bought a +3 plate armour of willpower for 720 gold pieces
  9610 | D:9      | Reached skill level 1 in Unarmed Combat
  9684 | D:9      | Reached skill level 12 in Axes
 10158 | D:10     | Entered Level 10 of the Dungeon
 10158 | D:10     | Noticed Harold
 10158 | D:10     | Noticed a white ugly thing
 10169 | D:10     | Reached skill level 13 in Axes
 10171 | D:10     | Killed Harold
 10178 | D:10     | Killed a white ugly thing
 10262 | D:10     | Found a staircase to the Lair.
 10288 | D:10     | Noticed Lodul
 10410 | D:11     | Noticed a boulder beetle
 10438 | D:11     | Killed a boulder beetle
 10439 | D:11     | Reached XP level 11. HP: 13/95 MP: 10/10
 11104 | D:10     | Reached skill level 14 in Axes
 11115 | D:10     | HP: 4/97 [Lodul/+0 dire flail (28)]
 11118 | D:10     | Demolished by Lodul

Illustrated notes

Levels and vault maps discovered:
D:1:      mrwooster_arrival_statue_3, layout_basic, serial_shops,
          nicolae_shop_temple_entry_statues_fountains
D:2:      wad_woods_stonehenge, layout_basic, basic_altar,
          chequers_ecumenical_altar_simple_redux, small_statue_intersection,
          grunt_decor_mini_mirrors, minmay_circle_x, uniq_jessica, uniq_terence
D:3:      layout_loops_ring, gup_sewer_entry_glass,
          nicolae_elevator_lobby_asterisk, uniq_robin
D:4:      layout_basic, gammafunk_temple_overflow_elements, nrook_campfire,
          st_stairs_10
D:5:      layout_basic, mainiacjoe_overflow_alcove_1, jmf_multi_god_temple,
          chequers_avenue
D:6:      layout_basic, lemuel_doored_altar, grunt_dithmenos_smoke_and_mirrors,
          minmay_temple_entry_offerings, nicolae_stop_n_shop_1,
          nicolae_lava_and_water
D:7:      cheibrodos_shockbox, layout_basic, zin_angel, serial_bayou_lagoon_a
D:8:      layout_basic, amcnicky_altar_gilded, uniq_jeremiah, uniq_maggie
D:9:      layout_loops_cross, serial_shops, shop, kennysheep_small_circle
D:10:     layout_cave_pools, marbit_many_paths, lair_entry_dummy, uniq_harold,
          uniq_snorg, uniq_lodul
D:11:     layout_rooms, kennysheep_orc_monster_closet_entryway
Temple:   chequers_temple_sunken

Skill      XL: |  1  2  3  4  5  6  7  8  9 10 11 |
---------------+----------------------------------+-----
Shields        | 4 5 6 |  6.7
Axes           | 3 4 5 6 7 9 11 13 14 | 14.0
Fighting       | 4 5 6 8 9 |  9.0
Armour         | 4 5 6 8 9 |  9.2
Stealth        | 1 2 |  2.3
Shapeshifting  | 1 2 3 4 |  4.1
Dodging        | 1 2 |  2.0
Unarmed Combat | 1 |  1.1

Action                     |  1- 3 |  4- 6 |  7- 9 | 10-12 || total
---------------------------+-------+-------+-------+-------++-------
  Melee: War axe           |   100 |   184 |   307 |   181 ||   772
         Headbutt          |    14 |    32 |    48 |    48 ||   142
         Unarmed           |       |       |    13 |       ||    13
    Use: Scroll            |     2 |     4 |     8 |     3 ||    17
         Potion            |       |       |    10 |     1 ||    11
   Stab: Invisible         |       |       |     1 |       ||     1
         Distracted        |       |       |       |     2 ||     2
 Armour: Chain mail        |    60 |   146 |    82 |       ||   288
         Plate armour      |       |       |   136 |   132 ||   268
  Dodge: Dodged            |    40 |   149 |   143 |    70 ||   402
  Block: Buckler           |    10 |    45 |    80 |    43 ||   178
   Form: Beast             |     2 |     1 |     1 |       ||     4
                           |     1 |     1 |     1 |       ||     3

Table legend: (Time is in decaauts)
 A = Elapsed time spent in this place.
 B = Non-inter-level travel time spent in this place.
 C = Inter-level travel time spent in this place.
 D = Time resting spent in this place.
 E = Time spent auto-exploring this place.
 F = Levels seen in this place.
 G = Mean time per level.
                   A        B        C        D        E       F      G
               +--------+--------+--------+--------+--------+-----+--------+
         Total |  11390 |  11121 |    269 |   1775 |      0 |  13 |  876.2 |
       Dungeon |  10667 |  10398 |    269 |   1775 |      0 |  11 |  969.7 |
        Temple |      1 |      1 |      0 |      0 |      0 |   1 |    1.0 |
         Sewer |    720 |    720 |      0 |      0 |      0 |   1 |  720.0 |
               +--------+--------+--------+--------+--------+-----+--------+

Top non-repeatable levels by time:
     D:7: 1317 daAuts
     D:5: 1221 daAuts
     D:6: 1214 daAuts
     D:8: 1152 daAuts
     D:2: 1111 daAuts
     D:4: 1111 daAuts
     D:3: 885 daAuts
     D:9: 875 daAuts
     D:1: 832 daAuts
   Sewer: 720 daAuts
    D:11: 498 daAuts
    D:10: 446 daAuts
  Temple: 1 daAuts
